 Dungeon Crawl Stone Soup version 0.25-a0-413-g3b4b6a4ccc (webtiles) character file.

Game seed: 11916641298055227358, levelgen mode: deterministic

32 Borgoz the Cudgeler (level 3, -2/22 HPs)
             Began as a Gargoyle Gladiator on Jan 15, 2020.
             Killed by divine providence
             ... invoked by an orc priest
              (12 damage)
             ... on level 2 of the Dungeon.
             The game lasted 00:01:18 (861 turns).

Borgoz the Cudgeler (Gargoyle Gladiator)             Turns: 861, Time: 00:01:18

Health: -2/22      AC:  7    Str: 18    XL:     3   Next: 27%
Magic:  3/3        EV: 12    Int:  8    God:
Gold:   44         SH:  0    Dex: 11    Spells: 2/2 levels left

rFire    . . .     SeeInvis .   a - +0 flail
rCold    . . .     Gourm    .   (no shield)
rNeg     + . .     Faith    .   b - +0 leather armour
rPois    ∞         Spirit   .   c - +0 helmet
rElec    +         Reflect  .   (no cloak)
rCorr    .         Harm     .   (no gloves)
MR       .....                  (no boots)
Stlth    +.........             (no amulet)
HPRegen  0.07/turn              (no ring)
MPRegen  0.08/turn              (no ring)

@: no status effects
A: negative energy resistance 1, electricity resistance, unbreathing,
petrification resistance, rot immunity, AC +3
a: no special abilities


You were on level 2 of the Dungeon.
You were not hungry.

You visited 1 branch of the dungeon, and saw 2 of its levels.

You collected 44 gold pieces.

Inventory:

Hand Weapons
 a - a +0 flail (weapon)
Missiles
 d - 3 throwing nets (quivered)
Armour
 b - a +0 leather armour (worn)
 c - a +0 helmet (worn)
Scrolls
 i - 4 scrolls of identify {unknown}
 k - a scroll of random uselessness {unknown}
 l - 3 scrolls of amnesia {unknown}
Potions
 e - a potion of might {unknown}
 h - a potion of heal wounds {unknown}
 j - a potion of brilliance {unknown}
Comestibles
 f - 4 rations
 g - a chunk of flesh


   Skills:
 + Level 2.7 Fighting
 + Level 3.3 Maces & Flails
 - Level 1.7 Throwing
 + Level 1.3 Armour
 + Level 2.7 Dodging


You had 2 spell levels left.
You didn't know any spells.
Your spell library was empty.

Dungeon Overview and Level Annotations

Branches:
Dungeon (2/15)

Altars:


Innate Abilities, Weirdness & Mutations

You are resistant to torment.
Your stone body is resilient. (AC +3)
You are immune to poison.
You resist negative energy. (rN+)
You are resistant to electric shocks. (rElec)
You can survive without breathing.
You are immune to petrification.
You are immune to rotting.


Message History

You barely miss the phantom.
The phantom hits you but does no damage.
The phantom closely misses you.
An orc comes into view.
It is wielding a +0 mace and wearing a +1 scale mail of cold resistance.
An orc priest and an orc wizard come into view.
The orc priest shouts!
The orc wizard shouts!
The orc wizard points at you and mumbles some strange words.
The magic dart hits you but does no damage.
The orc wizard gestures wildly while chanting.
The orc wizard blinks!
The orc wizard casts a spell.
The orc wizard blinks!
You miss the phantom. The phantom completely misses you.
An orc wizard comes into view. It is wielding a +0 dagger.
The phantom hits you.
You barely miss the phantom.
The orc priest mumbles some strange prayers to Beogh against you.
Beogh smites you!
Ouch! That really hurt!
You die...

##.#.....#
#####........####
.$..o.?#.........
##...#...#####
#.....#### ...#
##o.o## #..# ##o##
#.#..# #W# #.#..#
#@# #.#..# ##'##
#.#..# ##...##
##....####.....##
#...............#
##....###.........#
##.......+.........+
#......###.........#
#......# #........##


You could see a phantom, an orc priest, 2 orc wizards and an orc.

Vanquished Creatures
  A dart slug (D:1)
  A giant cockroach (D:1)
  5 goblins (D:1)
  4 hobgoblins (D:1)
  4 jackals (D:1)
  2 bats (D:1)
  A frilled lizard (D:1)
  7 kobolds (D:1)
25 creatures vanquished.

Notes
Turn   | Place    | Note
-------+----------+-------------------------------------------
     0 | D:1      | Borgoz the Gargoyle Gladiator began the quest for the Orb.
     0 | D:1      | Reached XP level 1. HP: 12/12 MP: 1/1
   150 | D:1      | Reached XP level 2. HP: 13/18 MP: 2/2
   264 | D:1      | Reached skill level 1 in Armour
   373 | D:1      | Reached XP level 3. HP: 19/22 MP: 3/3
   847 | D:2      | Noticed a phantom
   861 | D:2      | Killed from afar by an orc priest

Levels and vault maps discovered:
D:1:      psy_arrival_conway, layout_loops_ring
D:2:      layout_loops_corners, nemelex_xobeh_ov_fountains_minmay,
          uniq_crazy_yiuf_cottage

Skill      XL: |  1  2 |
---------------+-------+-----
Armour         | 1 |  1.3
Fighting       | |  2.7
Maces & Flails | |  3.3
Throwing       | |  1.7
Dodging        | |  2.7

Action                   || total
-------------------------++-------
Melee: Flail             ||    71
Armor: Leather armour    ||    20
Dodge: Dodged            ||    48

Table legend:
 A = Non-vault XP
 B = Vault XP
 C = Vault XP percentage of total XP
 D = Non-vault monster count
 E = Vault monster count
 F = Vault count percentage of total count
                 A         B        C        D         E       F
            +---------+---------+-------+---------+---------+-------
      Total |      47 |       0 |   0.0 |      25 |       0 |   0.0
            +---------+---------+-------+---------+---------+-------
        D:1 |      47 |       0 |   0.0 |      25 |       0 |   0.0
            +---------+---------+-------+---------+---------+-------
